 Dungeon Crawl Stone Soup version 0.18.1-50-g88ac8fd (webtiles) character file.

100 Blank the Sneak (level 4, -1/33 HPs)
             Began as a Vampire Assassin on Oct 19, 2016.
             Was an Initiate of Ru.
             Slain by a hound (2 damage)
             ... on level 2 of the Dungeon.
             The game lasted 00:25:08 (1441 turns).

Blank the Sneak (Vampire Assassin)                  Turns: 1441, Time: 00:25:09

Health: -1/33      AC:  5    Str: 10    XL:     4   Next: 47%
Magic:  4/4        EV: 12    Int: 13    God:    Ru [......]
Gold:   52         SH:  0    Dex: 16    Spells: 0 memorised, 3 levels left

rFire  . . .     SeeInvis +     i - -3 hand axe (curse)
rCold  + . .     Gourm    .     s - +0 leather armour
rNeg   + + .     Faith    .     (no shield)
rPois  +         Spirit   .     h - +0 helmet
rElec  .         Dismiss  .     d - +0 cloak
rCorr  .         Reflect  .     (no gloves)
SustAt .         Harm     .     (no boots)
MR     .....                    (no amulet)
Stlth  ++++......               (no ring)
                                (no ring)

@: regenerating slowly, not resistant to hostile enchantments, stealthy
A: fangs 3, see invisible, unbreathing
a: Bat Form, Renounce Religion


You were on level 2 of the Dungeon.
You worshipped Ru.
Ru was noncommittal.
You were thirsty.

You visited 1 branch of the dungeon, and saw 3 of its levels.

You collected 52 gold pieces.

Inventory:

Hand Weapons
 a - a +2 dagger
 b - a +0 blowgun
 i - a cursed -3 hand axe (weapon)
 q - a +0 dagger
 v - a +0 club
Missiles
 e - 8 poisoned needles
 f - 2 curare-tipped needles
 k - 17 bolts
 t - 5 needles of confusion (quivered)
Armour
 c - a +0 robe
 d - a +0 cloak (worn)
 h - a +0 helmet (worn)
 n - a +0 pair of gloves
 s - a +0 leather armour (worn)
 w - a +0 robe
Jewellery
 m - an uncursed ring of positive energy {unknown}
Scrolls
 g - 2 scrolls of identify
 j - a scroll of blinking {unknown}
 r - a scroll of recharging
 u - a scroll of magic mapping {unknown}
Potions
 o - a potion of cancellation {unknown}
 p - 6 potions of blood
 x - a potion of agility {unknown}
Comestibles
 l - a slice of pizza


   Skills:
 + Level 2.2 Fighting
 + Level 2.7 Short Blades
 + Level 0.5 Axes
 + Level 1.5 Throwing
 + Level 0.4 Armour
 + Level 2.1 Dodging
 + Level 7.4 Stealth


You had 3 spell levels left.
You didn't know any spells.

Dungeon Overview and Level Annotations

Branches:
Dungeon (3/15)

Altars:
Ru
Sif Muna


Innate Abilities, Weirdness & Mutations

You heal slowly.
You have razor-sharp teeth.
You have supernaturally acute eyesight.
You can survive without breathing.


Message History

The hound bites you but does no damage. The hound barely misses you.
The hound bites you but does no damage. The hound barely misses you.
The hound bites you but does no damage. The hound bites you but does no damage.
The hound bites you but does no damage. The hound closely misses you.
Found a ring mail.
The hound bites you.
* * * LOW HITPOINT WARNING * * *
The hound closely misses you. The hound bites you.
* * * LOW HITPOINT WARNING * * *
The hound bites you but does no damage. The hound barely misses you.
The hound closely misses you. The hound bites you.
* * * LOW HITPOINT WARNING * * *
The hound barely misses you. The hound bites you but does no damage.
The hound bites you but does no damage. The hound bites you.
You die...

#[ ######......# #.
#...w.......#
##.#####.####..#####
......w..# #.>##
###..#######.###
##...##......##
###.#........##
#.....w...h.#
#..........@####
##.............#
###.....##.####.#
#(.....##...## # ###
#.##..##.....## ..#
#(##..#.......#.# %.#
#.#......._.....#
..###(#...#.......###
..........##.....##


You could see a hound and a dart slug.

Vanquished Creatures
  Jessica (D:3)
  3 gnolls (D:2)
  2 adders (D:2)
  A dart slug (D:1)
  A ball python (D:1)
  4 goblins
  3 hobgoblins
  4 jackals (D:1)
  A kobold (D:2)
  3 bats
  2 giant newts
  4 rats
29 creatures vanquished.

Notes
Turn   | Place    | Note
--------------------------------------------------------------
     0 | D:1      | Blank the Vampire Assassin began the quest for the Orb.
     0 | D:1      | Reached XP level 1. HP: 16/16 MP: 1/1
    90 | D:1      | Reached skill level 6 in Stealth
   123 | D:1      | Reached XP level 2. HP: 9/22 MP: 2/2
   533 | D:2      | Found a deep blue altar of Sif Muna.
   552 | D:2      | HP: 1/22 [gnoll (4)]
   564 | D:2      | Reached XP level 3. HP: 23/27 MP: 3/3
   572 | D:2      | Reached skill level 7 in Stealth
   577 | D:2      | HP: 1/27 [gnoll (4)]
  1122 | D:2      | Reached XP level 4. HP: 25/33 MP: 4/4
  1174 | D:2      | Found a sacrificial altar of Ru.
  1184 | D:2      | Became a worshipper of Ru the Awakened
  1200 | D:3      | Noticed Jessica
  1202 | D:3      | Killed Jessica
  1433 | D:2      | HP: 1/33 [hound (1)]
  1441 | D:2      | Slain by a hound

Skill      XL: |  1  2  3 |
---------------+----------+-----
Stealth        | 6 7 |  7.4
Fighting       | 2 |  2.2
Dodging        | 2 |  2.1
Short Blades   | |  2.7
Axes           | |  0.5
Throwing       | |  1.5
Armour         | |  0.4

Action                   |  1- 3 |  4- 6 || total
-------------------------+-------+-------++-------
Melee: Dagger            |    75 |       ||    75
       Bite              |     7 |     1 ||     8
       Hand axe          |    45 |    19 ||    64
  Use: Potion            |     4 |       ||     4
       Scroll            |     2 |       ||     2
 Stab: Sleeping          |     3 |     2 ||     5
Armor: Robe              |    32 |       ||    32
       Leather armour    |     9 |    17 ||    26
Dodge: Dodged            |    96 |    32 ||   128
